AoeStats
← the shy

Socotra

504695007Analyzed
4v4 RM · 27d ago on Sep 6, 2026· 21m 9s· 8 players
Game mode
Random Map
Map size
148×148
Population
200
Speed
Normal
Resources
Standard
Victory
Conquest
Starting age
Dark Age
Ending age
Imperial Age
RankedLock teamsTeams togetherTeam positionsShared explorationLock speedFull tech treeHidden civsTurbo modeCheats
Victory
Defeat
🇨🇳 Maya · China
1634
+12
🇨🇳 Magyars · China
1521
+17
🇨🇳 Malay · China
1478
+19
🇨🇳 Persians · China
1431
+20
🇨🇳 Huns · China
1571
-18
🇩🇪 Koreans · Germany
1564
-18
🇨🇳 Saracens · China
1537
-17
🇳🇬 Slavs · Nigeria
1482
-15
脱脱迷失
0:26 Loom
10:47 Feudal Age
13:53 Fletching
mmr
0:27 Loom
9:22 Feudal Age
12:14 Fletching
13:55 Padded Archer Armor
15:46 Horse Collar
17:41 Double-Bit Axe
摆烂pia
6:52 Loom
9:19 Feudal Age
10:53 Double-Bit Axe
16:02 Scale Barding Armor
16:04 Horse Collar
18:05 Bloodlines
说句bin道话
6:13 Loom
9:24 Feudal Age
18:08 Scale Barding Armor
22:53 Castle Age
21:55 Forging
Ritter Karin
9:45 Feudal Age
10:17 Loom
10:25 Double-Bit Axe
15:10 Fletching
19:25 Wheelbarrow
22:59 Castle Age
the shy
5:55 Loom
9:58 Feudal Age
10:40 Horse Collar
10:46 Double-Bit Axe
15:23 Fletching
Sandwich
7:23 Loom
10:28 Feudal Age
13:24 Fletching
14:38 Padded Archer Armor
Rabboni
3:42 Loom
10:11 Feudal Age
10:46 Double-Bit Axe
10:48 Horse Collar
16:12 Bloodlines
18:15 Scale Barding Armor
19:16 Forging
Connection lost

Rejoining the realm…

Still unreachable

The connection could not be restored.

Session expired

The server has moved on; the page needs a fresh start.